 Dungeon Crawl Stone Soup version 0.31-a0-75-g6fe912e8c5 (webtiles) character file.

Game seed: 8545332671010523871

294 TittyCrusher the Magician (level 6, -5/40 HPs)
             Began as a Djinni Fire Elementalist on May 23, 2023.
             Killed by divine providence
             ... invoked by an orc priest
              (14 damage)
             ... on level 4 of the Dungeon.
             The game lasted 00:06:23 (3003 turns).

TittyCrusher the Magician (DjFE)                    Turns: 3003, Time: 00:06:23

Health: -5/40      AC:  4    Str:  7    XL:     6   Next: 60%
Gold:   236        EV: 12    Int: 19    God:
                   SH:  0    Dex: 13

rFire   + + .        a - +1 morningstar (protect)
rCold   x . .        (no shield)
rNeg    . . .        e - +0 robe
rPois   ∞            (no helmet)
rElec   .            m - +0 cloak
rCorr   .            q - +0 pair of gloves
SInv    .            (boots unavailable)
Will    .....        (no amulet)
Stlth   ++           (no ring)
HPRegen 0.26/turn    (no ring)
MPRegen 0.00/turn

%: infuse magic (-6 HP)
@: flying, studying Shields
A: sickness immunity, fire resistance 2, cold vulnerability 1, float, innate
caster, HP casting, extra vitality 1
a: no special abilities


You were on level 4 of the Dungeon.
You visited 1 branch of the dungeon, and saw 4 of its levels.

You collected 236 gold pieces.

Inventory:

Hand Weapons
 a - a +1 morningstar of protection (weapon)
 b - a +0 sling
 h - a +0 spear
 r - a +0 short sword
Missiles
 d - 40 stones
 l - 3 poisoned darts
Armour
 e - a +0 robe (worn)
 j - a +0 ring mail
 m - a +0 cloak (worn)
 q - a +0 pair of gloves (worn)
Scrolls
 f - a scroll of brand weapon {unknown}
 g - a scroll of fear {unknown}
 i - a scroll of teleportation {unknown}
 k - a scroll of magic mapping
 o - a scroll of fog {unknown}
Potions
 c - a potion of lignification
 n - a potion of heal wounds
 p - 2 potions of curing {unknown}
 s - a potion of might {unknown}


   Skills:
 - Level 2.1 Dodging
 - Level 1.5 Stealth
 + Level 5.5 Spellcasting
 + Level 5.5 Conjurations
 + Level 5.5 Hexes
   Level 0.0 Charms
 + Level 5.5 Summonings
 + Level 5.5 Necromancy
 + Level 5.5 Translocations
 + Level 5.5 Transmutations
 + Level 5.5 Fire Magic
 + Level 5.5 Ice Magic
 + Level 5.5 Air Magic
 + Level 5.5 Earth Magic
 + Level 5.5 Poison Magic


You knew the following spells:

 Your Spells              Type           Power      Damage    Failure   Level
a - Foxfire               Conj/Fire      92%        2x1d8     1%          1
b - Scorch                Fire           52%        2d7       1%          2
c - Volatile Blastmotes   Fire/Tloc      46%        2d13      4%          3
d - Inner Flame           Hex/Fire       23%        N/A       4%          3
e - Flame Wave            Conj/Fire      23%        2d8       16%         4
f - Sandblast             Erth           52%        2d12      1%          1
g - Poisonous Vapours     Pois/Air       46%        N/A       2%          2
Your spell library was empty.

Dungeon Overview and Level Annotations

Branches:
Dungeon (4/15)
 Temple: D:4-7

Altars:
Hepliaklqana

Annotations:
D:3 Ijyb


Innate Abilities, Weirdness & Mutations

You are immune to sickness and miasma.
You are immune to poison.
Your flesh is very heat resistant. (rF++)
You are vulnerable to cold. (rC-)
You float through the air rather than walking.
You learn spells naturally, not from books.
Your magical power is your life essence.
You have superior vitality. (+4 MHP)


Message History

The orc priest invokes the aid of Beogh against you.
You struggle to resist.
Unknown command.
Unknown command.
Casting: Foxfire (safe; 1% risk of failure)
Confirm with . or Enter, or press ? or * to list all spells.
You conjure some foxfire!
The orc closely misses you.
The foxfire hits the orc priest.
The orc priest is lightly wounded.
The foxfire hits the orc priest but does no damage.
The orc priest is lightly wounded.
The orc priest mumbles some strange prayers to Beogh against you.
You struggle to resist.
The orc hits you with a +0 flail.
Unknown command.
Unknown command.
Casting: Foxfire (safe; 1% risk of failure)
Confirm with . or Enter, or press ? or * to list all spells.
You conjure some foxfire!
The orc closely misses you. The orc priest barely misses you.
The foxfire hits the orc priest.
The orc priest is moderately wounded.
The foxfire hits the orc!
The orc is almost dead.
The orc priest hits you with a +1 dagger of protection.
The orc hits you with a +0 flail.
Unknown command.
Unknown command.
Unknown command.
Casting: Foxfire (safe; 1% risk of failure)
Confirm with . or Enter, or press ? or * to list all spells.
You conjure some foxfire!
The orc hits you but does no damage. The orc priest completely misses you.
The orc hits you with a +0 flail!
* * * LOW HITPOINT WARNING * * *
The foxfire hits the orc priest but does no damage.
The orc priest is moderately wounded.
The foxfire hits the orc priest but does no damage.
The orc priest is moderately wounded.
The orc priest invokes the aid of Beogh against you.
Beogh smites you!
You die...

####...####
##...#
####...#####....#
###....#.....##
####........#
##.......#
##......##
#.......#
#...§...#
##o@....#
#.oo....#
#†..#.....#
#...#####....
#.... ###. ...#..
..#... ###..


You could see an orc priest and 2 orcs.

Vanquished Creatures
  An ogre (D:4)
  A scorpion (D:4)
  Natasha (twice) (D:4)
  4 adders
  A worm (D:4)
  2 dart slugs (D:2)
  2 orcs (D:4)
  6 endoplasms
  6 giant cockroaches
  4 goblins
  4 hobgoblins
  8 kobolds
  6 ball pythons
  5 bats
  3 frilled lizards
  13 rats
68 creatures vanquished.

Vanquished Creatures (others)
  187 foxfires
187 creatures vanquished.

Grand Total: 255 creatures vanquished

Notes
Turn   | Place    | Note
-------+----------+-------------------------------------------
     0 | D:1      | TittyCrusher the Djinni Fire Elementalist began the quest
                  | for the Orb.
     0 | D:1      | TittyCrusher set off with the following spells memorised:
                  | Foxfire, Scorch, Volatile Blastmotes, Inner Flame, Flame
                  | Wave.
     0 | D:1      | Reached XP level 1. HP: 15/15 MP: 0/0
   116 | D:1      | Reached XP level 2. HP: 14/21 MP: 0/0
   264 | D:1      | Found a faded altar of an unknown god.
   517 | D:1      | Reached XP level 3. HP: 24/25 MP: 0/0
   517 | D:1      | Learned a level 1 spell: Sandblast
  1150 | D:2      | Reached XP level 4. HP: 30/31 MP: 0/0
  1935 | D:3      | Found a hazy altar of Hepliaklqana.
  2206 | D:3      | Noticed Ijyb
  2580 | D:4      | Noticed Natasha
  2586 | D:4      | Killed Natasha
  2589 | D:4      | Reached XP level 5. HP: 19/35 MP: 0/0
  2589 | D:4      | Learned a level 2 spell: Poisonous Vapours
  2603 | D:4      | Noticed Natasha
  2611 | D:4      | Killed Natasha
  2720 | D:4      | Reached skill level 5 in Spellcasting
  2720 | D:4      | Reached skill level 5 in Conjurations
  2720 | D:4      | Reached skill level 5 in Hexes
  2720 | D:4      | Reached skill level 5 in Summonings
  2720 | D:4      | Reached skill level 5 in Necromancy
  2720 | D:4      | Reached skill level 5 in Translocations
  2720 | D:4      | Reached skill level 5 in Transmutations
  2720 | D:4      | Reached skill level 5 in Fire Magic
  2720 | D:4      | Reached skill level 5 in Ice Magic
  2720 | D:4      | Reached skill level 5 in Air Magic
  2720 | D:4      | Reached skill level 5 in Earth Magic
  2720 | D:4      | Reached skill level 5 in Poison Magic
  2741 | D:4      | Noticed an ogre
  2762 | D:4      | Killed an ogre
  2763 | D:4      | Reached XP level 6. HP: 38/40 MP: 0/0
  3003 | D:4      | Killed from afar by an orc priest

Illustrated notes

Levels and vault maps discovered:
D:1:      dpeg_arrival_prison, layout_loops_ring,
          nicolae_ecumenical_snake_handling
D:2:      layout_basic, minmay_misc_feat_hallway
D:3:      layout_loops_ring, nicolae_hepliaklqana_hazy_memory,
          minmay_goblin_kobold_house, uniq_ijyb, uniq_crazy_yiuf_cottage
D:4:      layout_cave_pods, trog_butcher_becter, uniq_blork_the_orc,
          uniq_natasha

Skill      XL: |  1  2  3  4  5 |
---------------+----------------+-----
Spellcasting   | 4 5 |  5.5
Conjurations   | 4 5 |  5.5
Hexes          | 4 5 |  5.5
Summonings     | 4 5 |  5.5
Necromancy     | 4 5 |  5.5
Translocations | 4 5 |  5.5
Transmutations | 4 5 |  5.5
Fire Magic     | 4 5 |  5.5
Ice Magic      | 4 5 |  5.5
Air Magic      | 4 5 |  5.5
Earth Magic    | 4 5 |  5.5
Poison Magic   | 4 5 |  5.5
Dodging        | |  2.1
Stealth        | |  1.5

Action                     |  1- 3 |  4- 6 || total
---------------------------+-------+-------++-------
   Cast: Foxfire           |    50 |    57 ||   107
         Scorch            |       |     3 ||     3
    Use: Scroll            |       |     4 ||     4
         Potion            |       |     4 ||     4
 Armour: Robe              |    19 |     8 ||    27
  Dodge: Dodged            |    36 |    22 ||    58

Table legend: (Time is in decaauts)
 A = Elapsed time spent in this place.
 B = Non-inter-level travel time spent in this place.
 C = Inter-level travel time spent in this place.
 D = Time resting spent in this place.
 E = Time spent auto-exploring this place.
 F = Levels seen in this place.
 G = Mean time per level.
                   A        B        C        D        E       F      G
               +--------+--------+--------+--------+--------+-----+--------+
         Total |   2981 |   2735 |    246 |    223 |   1974 |   4 |  745.2 |
       Dungeon |   2981 |   2735 |    246 |    223 |   1974 |   4 |  745.2 |
               +--------+--------+--------+--------+--------+-----+--------+

Top non-repeatable levels by time:
     D:2: 1044 daAuts
     D:1: 930 daAuts
     D:3: 583 daAuts
     D:4: 422 daAuts
